 Dungeon Crawl Stone Soup version 0.32-a0-132-g2d33c3cfaf (webtiles) character file.

Game seed: 488922539367620559

26 jasper the Shooter (level 2, 0/24 HPs)
             Began as a Deep Elf Hexslinger on Feb 10, 2024.
             Succumbed to an adder's poison
             ... on level 2 of the Dungeon.
             The game lasted 00:01:26 (985 turns).

jasper the Shooter (Deep Elf Hexslinger)             Turns: 985, Time: 00:01:27

Health: 0/24       AC: 21    Str:  5    XL:     2   Next: 89%
Magic:  6/6        EV:  2    Int: 17    God:
Gold:   51         SH:  0    Dex: 17    Spells: 4/4 levels left

rFire   . . .        a - +1 sling
rCold   . . .        (no shield)
rNeg    . . .        l - melded +0 leather armour
rPois   +            (helmet currently unavailable)
rElec   .            (cloak currently unavailable)
rCorr   .            (gloves currently unavailable)
SInv    .            (boots currently unavailable)
Will    .....        (no amulet)
Stlth   ++           (no ring)
HPRegen 0.24/turn    (no ring)
MPRegen 0.10/turn

%: no passive effects
@: lethally poisoned (0 -> -8), tree-form
A: stationary, stasis, torment immunity, boosted hp
a: no special abilities


You were on level 2 of the Dungeon.
You were a tree.
You visited 1 branch of the dungeon, and saw 2 of its levels.

You collected 51 gold pieces.

Inventory:

Hand Weapons
 a - a +1 sling (weapon)
Missiles
 n - 6 poisoned darts
Armour
 c - a +0 robe
 l - a +0 leather armour (melded)
Jewellery
 g - a ring of ice
Scrolls
 b - a scroll of poison
 d - a scroll of identify {unknown}
 f - a scroll of butterflies {unknown}
 h - a scroll of noise {unknown}
 j - a scroll of fog {unknown}
 o - a scroll of immolation {unknown}
 p - a scroll of enchant weapon {unknown}
Potions
 e - a potion of curing {unknown}
 i - a potion of resistance {unknown}
 k - a potion of lignification
 m - a potion of enlightenment {unknown}


   Skills:
 + Level 1.4 Fighting
 * Level 4.1 Ranged Weapons
 - Level 2.4 Dodging
 - Level 1.5 Spellcasting
 - Level 4.0 Hexes
 - Level 1.1 Fire Magic


You had 4 spell levels left.
You didn't know any spells.
Your spell library contained the following spells:

 Spells                   Type           Power      Damage    Failure   Level
 Jinxbite                 Hex            28%        N/A       6%          2
 Sigil of Binding         Hex            14%        N/A       12%         3
 Inner Flame              Hex/Fire       9%         N/A       22%         3
 Cause Fear               Hex            7%         N/A       36%         4
 Dimensional Bullseye     Hex/Tloc       4%         N/A       65%         4


Dungeon Overview and Level Annotations

Branches:
Dungeon (2/15)

Altars:


Message History

The adder poisons you! The adder bites you but does no damage.
You take 3 damage, and have 10/16 hp.
Fire: a) +1 sling
Press: ? - help, Q - select action, (/) - cycle Shift-Dir - straight line, f/p - adder
Aim: an adder (severely wounded, 42% to hit)
You shoot a sling bullet.
The sling bullet closely misses the adder.
You feel sick. The adder barely misses you. x2
You take 2 damage, and have 8/16 hp.
Fire: a) +1 sling
Press: ? - help, Q - select action, (/) - cycle Shift-Dir - straight line, f/p - adder
Aim: an adder (severely wounded, 42% to hit)
You shoot a sling bullet.
The sling bullet closely misses the adder.
You feel sick. The adder barely misses you.
Fire: a) +1 sling
Press: ? - help, Q - select action, (/) - cycle Shift-Dir - straight line, f/p - adder
Aim: an adder (severely wounded, 42% to hit)
You shoot a sling bullet. The sling bullet hits the adder.
The adder is almost dead.
You feel sick. The adder bites you.
You are lethally poisoned!
The adder poisons you! The adder bites you but does no damage.
You take 3 damage, and have 5/16 hp.
Fire: a) +1 sling
Press: ? - help, Q - select action, (/) - cycle Shift-Dir - straight line, f/p - adder
Aim: an adder (almost dead, 42% to hit)
You shoot a sling bullet.
The sling bullet hits the adder but does no damage.
The adder is almost dead.
* * * LOW HITPOINT WARNING * * *
You feel sick. The adder bites you.
* * * LOW HITPOINT WARNING * * *
You are more poisoned.
The adder poisons you! The adder barely misses you.
You take 4 damage, and have 1/16 hp.
MASSIVE DAMAGE!!
It was a potion of lignification.
You turn into a tree.
Your +0 leather armour melds into your body.
Your roots penetrate the ground.
You die...

. .. ###) #
#... #. ##..#
##.##..# #..
####...#<#...>.
."....†♣S..#
.........###
.......###
....... .......
....... .......
.......


You could see an adder.

Vanquished Creatures
  3 bats (D:1)
  5 endoplasms (D:1)
  2 giant cockroaches (D:1)
  2 goblins (D:1)
  A hobgoblin (D:1)
  A quokka (D:1)
  A ball python (D:1)
  2 frilled lizards
  4 kobolds (D:1)
  3 rats (D:1)
24 creatures vanquished.

Notes
Turn   | Place    | Note
-------+----------+-------------------------------------------
     0 | D:1      | jasper the Deep Elf Hexslinger began the quest for the Orb.
     0 | D:1      | Reached XP level 1. HP: 11/11 MP: 5/5
    84 | D:1      | Reached skill level 1 in Fighting
   215 | D:1      | Reached XP level 2. HP: 16/16 MP: 6/6
   985 | D:2      | Succumbed to an adder's poison

Illustrated notes

Levels and vault maps discovered:
D:1:      matt_arrival_grand_opening, layout_loops_corners, minmay_hedge_maze,
          grunt_decor_resistance
D:2:      layout_rooms, uniq_natasha, uniq_jessica

Skill      XL: |  1  2 |
---------------+-------+-----
Ranged Weapons | 3 4 |  4.1
Fighting       | 1 |  1.4
Dodging        | |  2.4
Spellcasting   | |  1.5
Hexes          | |  4.0
Fire Magic     | |  1.1

Action                     || total
---------------------------++-------
   Fire: Sling             ||    80
    Use: Potion            ||     1
 Armour: Robe              ||     5
         Leather armour    ||    20
  Dodge: Dodged            ||    32

Table legend: (Time is in decaauts)
 A = Elapsed time spent in this place.
 B = Non-inter-level travel time spent in this place.
 C = Inter-level travel time spent in this place.
 D = Time resting spent in this place.
 E = Time spent auto-exploring this place.
 F = Levels seen in this place.
 G = Mean time per level.
                   A        B        C        D        E       F      G
               +--------+--------+--------+--------+--------+-----+--------+
         Total |   1005 |    925 |     80 |      0 |    756 |   2 |  502.5 |
       Dungeon |   1005 |    925 |     80 |      0 |    756 |   2 |  502.5 |
               +--------+--------+--------+--------+--------+-----+--------+

Top non-repeatable levels by time:
     D:1: 988 daAuts
     D:2: 17 daAuts
